 Seeded DCSS version 0.28-a0-657-g71136c5590 (webtiles) character file.

Game seed: 24446666 (custom seed)

345 ekar the Chopper (level 6, -2/56 HPs)
             Began as a Minotaur Berserker on Oct 13, 2021.
             Was a Follower of Trog (penitent).
             Slain by a killer bee (5 damage)
             ... on level 10 of the Dungeon.
             The game lasted 00:27:12 (1286 turns).

ekar the Chopper (Minotaur Berserker)               Turns: 1286, Time: 00:27:12

Health: -2/56      AC:  7    Str: 27 (29) XL:     6   Next: 32%
Magic:  5/5        EV:  7    Int:  1 (4)  God:    Trog [*]
Gold:   34         SH: 10    Dex:  9 (10) Spells: 1/5 levels left

rFire   . . .      SeeInvis .   a - +0 hand axe
rCold   . . .      Faith    .   h - +0 tower shield
rNeg    + . .      Spirit   .   m - +2 ring mail {rN+}
rPois   .          Reflect  .   (helmet restricted)
rElec   .          Harm     .   (no cloak)
rCorr   .          Rampage  .   (no gloves)
Will    .....                   (no boots)
Stlth   ..........              c - amulet of regeneration
HPRegen 1.18/turn               g - +6 ring of strength
MPRegen 0.09/turn               (no ring)

@: lethally poisoned (-2 -> -2)
A: horns 2, retaliatory headbutt
a: Renounce Religion


You were on level 10 of the Dungeon.
You worshipped Trog.
Trog was demanding penance.
You visited 1 branch of the dungeon, and saw 10 of its levels.

You collected 34 gold pieces.

Inventory:

Hand Weapons
 a - a +0 hand axe (weapon)
 d - a +0 hand axe
 e - a +0 dagger
 i - a +0 club
 k - a +0 club
 q - a +0 dagger
 r - a +0 flail
 s - a +0 mace
Missiles
 j - 19 arrows
 l - 3 poisoned darts
 p - 30 stones
 w - 26 bolts
Armour
 b - a +0 animal skin
 f - a +0 robe
 h - a +0 tower shield (worn)
 m - a +2 ring mail of positive energy (worn)
 t - a +0 plate armour
 u - a +0 ring mail
 v - a +0 scale mail
Jewellery
 c - an amulet of regeneration (around neck)
 g - a +6 ring of strength (left hand)
Wands
 x - a wand of paralysis (2)
Scrolls
 o - a scroll of identify


   Skills:
 + Level 5.1 Fighting
 + Level 6.2 Axes
 + Level 0.5 Throwing
 + Level 3.6 Armour
 + Level 3.1 Dodging
 + Level 0.1 Stealth
 + Level 2.1 Shields


You had one spell level left.
You knew the following spells:

 Your Spells              Type           Power      Damage    Failure   Level
a - Cause Fear            Hex            0%         N/A       100%        4

Your spell library contained the following spells:

 Spells                   Type           Power      Damage    Failure   Level
 Magic Dart               Conj           0%         1d3       100%        1
 Searing Ray              Conj           0%         2d4       100%        2
 Inner Flame              Hex/Fire       0%         N/A       100%        3
 Fulminant Prism          Conj/Hex       0%         3d6       100%        4
 Discord                  Hex            0%         N/A       100%        8


Dungeon Overview and Level Annotations

Branches:
Dungeon (10/15)
 Temple: D:4-7         Lair: D:8-11         Orc: D:9-12

Altars:
Gozag
Xom


Innate Abilities, Weirdness & Mutations

You have a pair of horns on your head.
You reflexively headbutt those who attack you in melee.


Message History

You closely miss the killer bee. Your headbutt misses the killer bee.
You miss the killer bee. You hit the queen bee.
You hit the killer bee but do no damage.
You hit the plant.
A nearby plant withers and dies. x3
The killer bee stings the plant!
The killer bee stings you.
The killer bee stings the plant.
The killer bee stings the plant!
The plant begins to die.
The killer bee stings you.
* * * LOW HITPOINT WARNING * * *
You are poisoned.
The killer bee poisons you! The killer bee stings you.
* * * LOW HITPOINT WARNING * * *
You block the killer bee's attack.
The killer bee stings the plant.
The killer bee stings the plant!
The plant is poisoned.
The killer bee poisons the plant!
The killer bee stings you but does no damage.
You block the killer bee's attack.
The killer bee stings the plant.
The killer bee stings you but does no damage.
The killer bee stings the plant.
The killer bee rages.
The killer bee stings the plant! x2; You block the killer bee's attack.
The killer bee closely misses you.
The queen bee stings you but does no damage.
The killer bee stings the plant.
The killer bee stings you.
* * * LOW HITPOINT WARNING * * *
The killer bee stings the plant.
The killer bee stings the plant! x2
Cleave: a) +0 hand axe
Press: ? - help, Dir - move target, f/p - killer bee
Aim: a killer bee (about 66% to evade your +0 hand axe)
You miss the killer bee. You headbutt the killer bee!
The killer bee is severely wounded.
Your shield prevents you from hitting the killer bee.
You hit the queen bee. You closely miss the killer bee. You hit the plant.
You feel very sick.
A nearby plant withers and dies. x2
The killer bee stings you but does no damage.
The killer bee stings the plant!
The killer bee rages.
The killer bee stings the plant!
The killer bee barely misses you. The killer bee stings you.
You die...

#P..P.....P#
#P..P.....P#
#P........P#
#P.....P...#
#P.........#
#P}.P..yy..#
#P..P...yy.#


#P..P.yPyyP# #P.....y@yP# ####++##### You could see a queen bee and 8 killer
bees.

Vanquished Creatures
  An orc warrior (D:7)
  A bullfrog (D:9)
  A jelly (D:9)
  3 hounds (D:7)
  An iguana (D:2)
  A worm (D:2)
  2 orcs (D:7)
  A ball python (D:2)
  3 endoplasms
  A giant cockroach (D:2)
  3 goblins
  A hobgoblin (D:2)
  2 kobolds
  A quokka (D:1)
  A frilled lizard (D:2)
  A rat (D:2)
24 creatures vanquished.

Vanquished Creatures (others)
  An orc (D:4)
  21 plants
22 creatures vanquished.

Grand Total: 46 creatures vanquished

Notes
Turn   | Place    | Note
-------+----------+-------------------------------------------
     0 | D:1      | ekar the Minotaur Berserker began the quest for the Orb.
     0 | D:1      | Reached XP level 1. HP: 19/19 MP: 0/0
    68 | D:2      | Noticed an iguana
   100 | D:2      | Killed an iguana
   101 | D:2      | Reached skill level 4 in Axes
   101 | D:2      | Reached XP level 2. HP: 2/27 MP: 1/1
   101 | D:2      | Reached XP level 3. HP: 3/33 MP: 2/2
   673 | D:4      | Found an opulent altar of Gozag.
   675 | D:4      | You fall into a shaft and drop 1 floor!
   675 | D:5      | Entered Level 5 of the Dungeon
   748 | D:7      | Reached skill level 5 in Axes
   748 | D:7      | Reached skill level 1 in Shields
   748 | D:7      | Reached XP level 4. HP: 41/41 MP: 3/3
   874 | D:7      | Noticed an orc warrior
   882 | D:7      | Killed an orc warrior
   883 | D:7      | Reached XP level 5. HP: 47/47 MP: 4/4
   950 | D:7      | Found a shimmering altar of Xom.
   974 | D:7      | Reached skill level 5 in Fighting
   988 | D:7      | Was placed under penance by Trog
   993 | D:7      | Learned a level 4 spell: Cause Fear
  1017 | D:8      | Noticed a necrophage
  1046 | D:8      | HP: 2/48 [necrophage (3)]
  1081 | D:9      | Reached XP level 6. HP: 26/56 MP: 5/5
  1231 | D:9      | Reached skill level 6 in Axes
  1274 | D:10     | Entered Level 10 of the Dungeon
  1274 | D:10     | Noticed a queen bee
  1286 | D:10     | Slain by a killer bee

Illustrated notes

Levels and vault maps discovered:
D:1:      scummos_arrival_simple_crosswalls, layout_loops_corners
D:2:      layout_loops_ring, serial_forest, infiniplex_forest_lined_1,
          infiniplex_forest_clump_curved, infiniplex_forest_lined_corner,
          infiniplex_forest_clump_long, infiniplex_forest_lined_corner,
          infiniplex_forest_straight_5, infiniplex_forest_straight_2
D:3:      layout_loops_ring, mainiacjoe_overflow_24_doors,
          mainiacjoe_overflow_alcove_4, nicolae_overflow_hidden_temple,
          chequers_ecumenical_altar_grove, uniq_grinder
D:4:      layout_basic, elyvilon_altar_4, grunt_gozag_statues,
          minmay_temple_entry_wispy, uniq_natasha, uniq_eustachio
D:5:      layout_basic, gup_sewer_entry_glass, serial_curves, eino_curves_02,
          eino_curves_02, eino_curves_01, eino_curves_01, uniq_blork_the_orc,
          uniq_prince_ribbit1, uniq_sigmund
D:6:      layout_cave_pods
D:7:      layout_basic, mainiacjoe_overflow_boulevard,
          gammafunk_temple_overflow_pools, serial_aquarium,
          aquarium_bridge_long_joined [aquarium_subvault_wall,
          aquarium_subvault_bridge, aquarium_subvault_balcony,
          aquarium_subvault_bridge, aquarium_subvault_balcony,
          aquarium_subvault_bridge], aquarium_window_fake,
          aquarium_window_corner, aquarium_window_corner, aquarium_view_2b,
          aquarium_view_2e, aquarium_pool_1
D:8:      layout_rooms, mainiacjoe_overflow_alcove_1
D:9:      layout_irregular_city, mainiacjoe_overflow_catwalk_spiral,
          uniq_maurice
D:10:     layout_small_grid, minmay_lair_entry_grove,
          nicolae_looking_at_the_future

Skill      XL: |  1  2  3  4  5  6 |
---------------+-------------------+-----
Fighting       | 4 5 |  5.1
Axes           | 4 5 6 |  6.2
Shields        | 1 2 |  2.1
Armour         | 3 |  3.6
Dodging        | 3 |  3.1
Throwing       | |  0.5
Stealth        | |  0.1

Action                   |  1- 3 |  4- 6 || total
-------------------------+-------+-------++-------
Melee: Hand axe          |    41 |    28 ||    69
       Headbutt          |     8 |     8 ||    16
       Dagger            |     8 |       ||     8
Throw: Dart              |     2 |     7 ||     9
Invok: Berserk           |     1 |     1 ||     2
Evoke: Wand              |       |     1 ||     1
  Use: Potion            |     3 |     2 ||     5
       Scroll            |     1 |       ||     1
Armor: Animal skin       |     2 |       ||     2
       Ring mail         |     4 |    31 ||    35
       Robe              |     4 |       ||     4
Dodge: Dodged            |    30 |    34 ||    64
Block: Tower shield      |     8 |    70 ||    78

Table legend: (Time is in decaauts)
 A = Elapsed time spent in this place.
 B = Non-inter-level travel time spent in this place.
 C = Inter-level travel time spent in this place.
 D = Time resting spent in this place.
 E = Time spent auto-exploring this place.
 F = Levels seen in this place.
 G = Mean time per level.
                   A        B        C        D        E       F      G
               +--------+--------+--------+--------+--------+-----+--------+
         Total |   1328 |   1328 |      0 |    423 |      0 |  10 |  132.8 |
       Dungeon |   1328 |   1328 |      0 |    423 |      0 |  10 |  132.8 |
               +--------+--------+--------+--------+--------+-----+--------+

Top non-repeatable levels by time:
     D:1: 316 daAuts
     D:7: 302 daAuts
     D:9: 207 daAuts
     D:2: 203 daAuts
     D:3: 115 daAuts
     D:8: 66 daAuts
     D:4: 44 daAuts
     D:6: 34 daAuts
     D:5: 25 daAuts
    D:10: 12 daAuts
